 Dungeon Crawl Stone Soup version 0.31-b1-20-g67cafac56d (webtiles) character file.

Game seed: 48067356827993220

4 Esekla the Sneak (level 1, -2/16 HPs)
             Began as an Octopode Delver on Jan 18, 2024.
             Slain by a gnoll
             ... wielding a +0 spear
             ... led by a gnoll sergeant
              (5 damage)
             ... on level 5 of the Dungeon.
             The game lasted 00:01:59 (137 turns).

Esekla the Sneak (Octopode Delver)                   Turns: 137, Time: 00:02:00

Health: -2/16      AC:  1    Str: 11    XL:     1   Next: 60%
Magic:  1/1        EV: 13    Int: 12    God:
Gold:   19         SH:  0    Dex: 13    Spells: 0/0 levels left

rFire   . . .        a - +0 falchion
rCold   . . .        (no shield)
rNeg    . . .        (helmet restricted)
rPois   .            (no amulet)
rElec   .            (no ring)
rCorr   .            (no ring)
SInv    .            (no ring)
Will    .....        (no ring)
Stlth   ++++         (no ring)
HPRegen 0.22/turn    (no ring)
MPRegen 0.07/turn    (no ring)
                     (no ring)

%: no passive effects
@: no status effects
A: almost no armour, amphibious, 8 rings, camouflage 1, gelatinous body 1,
(nimble swimmer 1), tentacles
a: no special abilities


You were on level 5 of the Dungeon.
You visited 1 branch of the dungeon, and saw 1 of its levels.

You collected 19 gold pieces.

Inventory:

Hand Weapons
 a - a +0 falchion (weapon)
 d - a +0 dagger
Jewellery
 c - a ring of flight
Wands
 f - a wand of digging (3)
Scrolls
 b - 2 scrolls of fog
 g - a scroll of amnesia {unknown}
Potions
 e - a potion of haste


   Skills:
 * Level 3.0 Fighting
 * Level 2.0 Long Blades
 * Level 2.0 Dodging
 + Level 6.7 Stealth
 * Level 0.1 Spellcasting


You couldn't memorise any spells.
You didn't know any spells.
Your spell library was empty.

Dungeon Overview and Level Annotations

Branches:
Dungeon (5/15)
 Temple: D:4-7

Altars:

Shops:
D:5 *


Innate Abilities, Weirdness & Mutations

You cannot wear most types of armour.
You are amphibious.
You can wear up to eight rings at the same time.
Your skin changes colour to match your surroundings (Stealth+).
Your rubbery body absorbs attacks. (AC +1, EV +1)
((You are camouflaged when in or above water. (Stealth+)))
You have tentacles for arms and can constrict up to eight enemies at once.


Message History

You start waiting.
An orc is nearby!
You hit the orc but do no damage. You grab the orc.
You constrict the orc, but do no damage.
The orc barely misses you.
You hit the orc but do no damage. You squeeze the orc!
You kill the orc!
Things that are here:
a +0 club; a +0 leather armour; an orc corpse You now have 19 gold pieces.
Found 12 gold pieces.
The orc shouts!
You hear a shout! x2
A gnoll comes into view. It is wielding a +0 spear.
Found a scroll labelled LOMICKUUZO and a metallic silvery potion.
The gnoll moves out of view.
You hit the orc. You grab the orc.
The orc is lightly wounded.
You constrict the orc. The orc hits you with a +0 dagger.
The gnoll shouts!
You hit the orc.
You kill the orc!
A gnoll sergeant and a gnoll come into view.
The gnoll is wielding a +2 heavy flail and quivering a throwing net.
A gnoll comes into view. It is wielding a +0 club.
The gnoll sergeant moves out of view.
A gnoll comes into view. It is wielding a +0 club.
You see here a +0 dagger.
d - a +0 dagger A gnoll comes into view.
It is wielding a +0 club.
The gnoll moves out of view.
Found a stone staircase leading down.
The gnoll attacks as it pursues you!
The gnoll hits you from afar with a +0 spear.
You see here a scroll labelled LOMICKUUZO.
g - a scroll labelled LOMICKUUZO The gnoll hits you from afar with a +0 spear!
Ouch! That really hurt!
* * * LOW HITPOINT WARNING * * *
The gnoll hits you from afar with a +0 spear.
You die...

#,....,,,..,,.,,,,,,,*
#.#..#,,>.,,.g***,*****
#.#...*,.##g#,*
*,,,,,**
#....###....*,*
********
**#...#..#***,* *
#...g..#***,*
##.#g###,,,,*
#.#.###.#*** #.#.@...#
#.#####.# #.# *,* ##.##
*,*#**********
#...####...,,,,,,,,,*
#.#........,,,,,,,,,*
#........##*****,**,*
##.#####.# *,**,* ##.##
#S# *,**,*


You could see 2 gnolls.

Vanquished Creatures
  2 orcs (D:5)
2 creatures vanquished.

Notes
Turn   | Place    | Note
-------+----------+-------------------------------------------
     0 | D:5      | Esekla the Octopode Delver began the quest for the Orb.
     0 | D:5      | Reached XP level 1. HP: 16/16 MP: 1/1
     0 | D:5      | Found Eghifra's General Store.
    19 | D:5      | Noticed an iguana
   131 | D:5      | Noticed a gnoll sergeant
   137 | D:5      | Slain by a gnoll

Illustrated notes

Levels and vault maps discovered:
D:5:      layout_loops_ring, nicolae_tso_swordbearing_angel,
          fiery_altar_vehumet, serial_shops, nicolae_shop_waterfront

Action                     || total
---------------------------++-------
  Melee: Falchion          ||     4
         Constrict         ||     2
         Tentacles         ||     1
    Use: Scroll            ||     2
 Armour: Skin              ||     4
  Dodge: Dodged            ||     1
